 Dungeon Crawl Stone Soup version 0.19.1 (webtiles) character file.

959 Kook the Skirmisher (level 7, -12/58 HPs)
             Began as a Demonspawn Berserker on Dec 21, 2016.
             Was a Priest of Trog.
             Mangled by an orc warrior
             ... wielding a +0 halberd
              (21 damage)
             ... on level 6 of the Dungeon.
             The game lasted 00:19:23 (5710 turns).

Kook the Skirmisher (Demonspawn Berserker)          Turns: 5710, Time: 00:19:24

Health: -12/58     AC: 10    Str: 18    XL:     7   Next: 92%
Magic:  7/7        EV: 12    Int:  9    God:    Trog [***...]
Gold:   273        SH:  0    Dex: 13    Spells: 0 memorised, 6 levels left

rFire  . . .     SeeInvis .     a - +0 hand axe
rCold  + . .     Gourm    .     i - +1 ring mail
rNeg   . . .     Faith    .     (no shield)
rPois  .         Spirit   .     (no helmet)
rElec  .         Reflect  .     (no cloak)
rCorr  .         Harm     .     (no gloves)
MR     .....                    (no boots)
Stlth  ++........               (no amulet)
                                (no ring)
                                (no ring)

@: exhausted, slowed, very slow
A: claws 1, icy blue scales 3, nightstalker 1
a: Berserk, Trog's Hand, Burn Spellbooks, Renounce Religion


You were on level 6 of the Dungeon.
You worshipped Trog.
Trog was most pleased with you.
You were near starving.

You visited 1 branch of the dungeon, and saw 6 of its levels.

You collected 347 gold pieces.
You spent 74 gold pieces at shops.

Inventory:

Hand Weapons
 a - a +0 hand axe (weapon)
 t - a +2 flail of protection
Missiles
 h - 4 curare-tipped needles
Armour
 i - a +1 ring mail (worn)
 s - a +2 scale mail of magic resistance
Jewellery
 k - an uncursed ring of resist corrosion {unknown}
Scrolls
 b - a scroll of blinking
 d - 10 scrolls of identify {unknown}
 f - 2 scrolls of teleportation {unknown}
 g - a scroll of random uselessness {unknown}
 l - a scroll of fear {unknown}
 m - 3 scrolls of magic mapping {unknown}
 n - 4 scrolls of enchant weapon {unknown}
 p - a scroll of remove curse {unknown}
 r - a scroll of enchant armour
 u - a scroll of immolation {unknown}
 w - a scroll of fog
Potions
 e - a potion of heal wounds {unknown}
 j - a potion of berserk rage {unknown}
 o - a potion of curing
 q - a potion of lignification {unknown}
Books
 x - a book of Ice

   Spells                             Type                      Level
   a - Ice Form                       Ice/Transmutation            4
   b - Metabolic Englaciation         Hexes/Ice                    5
   c - Ozocubu's Refrigeration        Ice                          6
   d - Bolt of Cold                   Conjuration/Ice              6
   e - Freezing Cloud                 Conjuration/Ice/Air          6
   f - Simulacrum                     Ice/Necromancy               6
   Trog disapproves of the use of such an item.
Comestibles
 c - 4 bread rations


   Skills:
 * Level 6.2 Fighting
 * Level 5.7 Axes
 + Level 3.9 Armour
 + Level 2.7 Dodging


You had 6 spell levels left.
You didn't know any spells.

Dungeon Overview and Level Annotations

Branches:
Dungeon (6/15)
 Temple: D:4-7

Altars:
Makhleb
Sif Muna
Vehumet

Shops:
D:4 *

Annotations:
D:2 Sigmund
D:3 Grinder


Innate Abilities, Weirdness & Mutations

You have sharp fingernails.
You are completely covered in icy blue scales. (AC +4, rC+)
You are slightly more attuned to the shadows.


Message History

The orc warrior hits you but does no damage.
You hit the orc warrior.
The orc warrior is severely wounded.
The orc warrior hits you with a halberd!!
You hit the orc warrior.
The orc warrior is severely wounded.
You closely miss the orc warrior.
The orc warrior is severely wounded.
The orc warrior hits you with a halberd!
* * * LOW HITPOINT WARNING * * *
You closely miss the orc warrior.
The orc warrior is severely wounded.
You are no longer berserk.
You are exhausted.
You feel yourself slow down.
It was a potion of curing.
You feel better.
The orc warrior hits you with a halberd!
* * * LOW HITPOINT WARNING * * *
The orc warrior hits you with a halberd!!
You die...

..# #.# ####. #.# #....
#.# #.##.### #.#
#......#############.#
...#...............#
#.##.#<####..>##[####...
#......@oo....##.# ...
#.####.##.....##.# ...
#.###...###.# #...
.........###.# #.o.
#####........# #.o.
#...###### #.. #...# #.#
#...# #####$##
###..)#####.o....#


You could see an orc warrior and an orc.

Vanquished Creatures
  2 phantoms (D:5)
  2 centaurs (D:5)
  A bullfrog (D:6)
  A howler monkey (D:4)
  A crimson imp (D:5)
  A hound (D:5)
  2 orc priests
  3 orc wizards (D:4)
  A bullfrog skeleton (D:4)
  An iguana (D:4)
  3 worker ants
  A hound skeleton (D:4)
  A howler monkey zombie (D:5)
  6 adders
  An ooze (D:4)
  An adder skeleton (D:4)
  A worm (D:2)
  A dart slug (D:1)
  3 leopard geckos
  17 orcs
  A ball python (D:1)
  6 bats
  3 giant cockroaches
  10 goblins
  12 hobgoblins
  6 jackals
  9 kobolds
  3 quokkas
  8 frilled lizards
  A jackal skeleton (D:4)
  7 rats
116 creatures vanquished.

Notes
Turn   | Place    | Note
-------+----------+-------------------------------------------
     0 | D:1      | Kook the Demonspawn Berserker began the quest for the Orb.
     0 | D:1      | Reached XP level 1. HP: 18/18 MP: 1/1
   343 | D:1      | Gained mutation: You are partially covered in icy blue scales. (AC +2) [demonic ancestry]
   343 | D:1      | Reached XP level 2. HP: 10/24 MP: 2/2
  1258 | D:1      | Gained mutation: You are mostly covered in icy blue scales. (AC +3) [demonic ancestry]
  1258 | D:1      | Reached XP level 3. HP: 27/29 MP: 3/3
  1992 | D:2      | Reached ** piety under Trog
  2298 | D:2      | Noticed Sigmund
  2421 | D:3      | Gained mutation: You have sharp fingernails. [demonic ancestry]
  2421 | D:3      | Reached XP level 4. HP: 33/37 MP: 4/4
  2546 | D:3      | Reached skill level 4 in Fighting
  2710 | D:3      | Reached *** piety under Trog
  2722 | D:3      | Noticed Grinder
  2786 | D:4      | Gained mutation: You are slightly more attuned to the shadows. [demonic ancestry]
  2786 | D:4      | Reached XP level 5. HP: 30/43 MP: 5/5
  3366 | D:4      | Reached XP level 6. HP: 50/50 MP: 6/6
  3537 | D:4      | Reached skill level 5 in Fighting
  3550 | D:4      | Found Pialeol's Assorted Antiques.
  3553 | D:4      | Bought a scroll labeled TEGIGU MEKEL for 19 gold pieces
  3553 | D:4      | Bought a black potion for 17 gold pieces
  3553 | D:4      | Bought a scroll labeled JENYJA DEAM for 19 gold pieces
  3553 | D:4      | Bought a scroll labeled OCKONN KIOSCH for 19 gold pieces
  4170 | D:4      | Found a burning altar of Makhleb.
  4270 | D:5      | Entered Level 5 of the Dungeon
  4501 | D:5      | Reached skill level 5 in Axes
  4519 | D:5      | Gained mutation: You are completely covered in icy blue scales. (AC +4, rC+) [demonic ancestry]
  4519 | D:5      | Reached XP level 7. HP: 47/56 MP: 7/7
  4946 | D:5      | Found a radiant altar of Vehumet.
  4955 | D:5      | Found a deep blue altar of Sif Muna.
  5219 | D:5      | Reached skill level 6 in Fighting
  5710 | D:6      | Mangled by an orc warrior

Skill      XL: |  1  2  3  4  5  6  7 |
---------------+----------------------+-----
Armour         | 2 3 |  3.9
Axes           | 3 4 5 |  5.7
Fighting       | 4 5 6 |  6.2
Dodging        | 2 |  2.7

Action                   |  1- 3 |  4- 6 |  7- 9 || total
-------------------------+-------+-------+-------++-------
Melee: Hand axe          |   176 |   249 |   139 ||   564
Invok: Berserk           |       |     4 |     3 ||     7
  Use: Scroll            |     5 |       |       ||     5
       Potion            |       |     1 |     1 ||     2
 Stab: Sleeping          |       |       |     1 ||     1
  Eat: Chunk             |     5 |     8 |     7 ||    20
       Fruit             |       |     1 |       ||     1
Armor: Animal skin       |    29 |       |       ||    29
       Ring mail         |    33 |    87 |    51 ||   171
Dodge: Dodged            |    96 |   149 |    65 ||   310
